 Dungeon Crawl Stone Soup version 0.16.1-12-gf5c4a84 (webtiles) character file.

319 Magnus the Skirmisher (level 6, 0/48 HPs)
             Began as a Mummy Gladiator on Apr 10, 2015.
             Slain by a phantom (6 damage)
             ... on level 2 of the Dungeon.
             The game lasted 00:08:56 (2789 turns).

Magnus the Skirmisher (Mummy Gladiator)             Turns: 2789, Time: 00:08:57

Health: 0/48       AC:  4    Str: 18    XL:     6   Next: 21%
Magic:  6/6        EV: 13    Int:  7    God:
Gold:   113        SH:  0    Dex: 14    Spells: 0 memorised, 5 levels left

rFire  x . .     SeeInvis .     a - +0 long sword
rCold  + . .     Clarity  .     b - +0 leather armour
rNeg   + + +     SustAb   .     (no shield)
rPois  ∞         Gourm    .     c - +0 helmet
rElec  .         Spirit   .     (no cloak)
rCorr  .         Warding  .     (no gloves)
rMut   .         Stasis   .     (no boots)
MR     .....                    (no amulet)
Stlth  +.........               (no ring)
                                (no ring)

@: not resistant to hostile enchantments, very unstealthy
A: no food or potions, fire vulnerability, restore body, cold resistance 1,
negative energy resistance 3, poison resistance, torment resistance, unbreathing
a: no special abilities


You were on level 2 of the Dungeon.
You were not hungry.

You visited 1 branch of the dungeon, and saw 3 of its levels.

You collected 113 gold pieces.

Inventory:

Hand weapons
 a - a +0 long sword (weapon)
 h - a +2 dagger of protection
Missiles
 d - 4 throwing nets (quivered)
Armour
 b - a +0 leather armour (worn)
 c - a +0 helmet (worn)
 o - a +0 chain mail
Scrolls
 e - a scroll of enchant armour {unknown}
 f - 2 scrolls of immolation {unknown}
 g - 2 scrolls of enchant weapon {unknown}
 i - a scroll of fear {unknown}
 j - a scroll of recharging {unknown}
 k - a scroll of remove curse {unknown}
 l - 2 scrolls of amnesia {unknown}
 m - a scroll of noise {unknown}
 n - a scroll of identify {unknown}
 p - a scroll of teleportation {unknown}


   Skills:
 + Level 4.2 Fighting
 + Level 3.7 Long Blades
 - Level 1.5 Throwing
 + Level 3.9 Dodging


You had 5 spell levels left.
You didn't know any spells.

Dungeon Overview and Level Annotations

Branches:
Dungeon (3/15)

Altars:
Sif Muna

Annotations:
D:3 trantor's ghost, average HESk


Innate Abilities, Weirdness & Mutations

You do not eat or drink.
Your flesh is vulnerable to fire.
Your flesh is cold resistant.
You are immune to negative energy.
Your system is resistant to poisons.
You are immune to unholy pain and torment.
You can survive without breathing.


Message History

You hit the phantom.
The phantom is severely damaged.
The phantom hits you.
* * * LOW HITPOINT WARNING * * *
The phantom blinks!
The phantom blinks!
The phantom blinks!
The phantom blinks!
Something unseen opens the door.
The phantom blinks!
The phantom blinks!
The phantom blinks!
You barely miss the phantom.
The phantom is heavily damaged.
The phantom hits you.
* * * LOW HITPOINT WARNING * * *
You slash the phantom!
The phantom is severely damaged.
The phantom hits you.
You die...

### #.# #<#
#W# #@# #.#
#.###########
#.##........#
#.##........#
#.##........#
#.##........#
#.#.........#
#.#.........#


You could see a phantom.

Vanquished Creatures
  Grinder (D:3)
  An orc wizard (D:3)
  2 adders (D:2)
  A giant mite (D:2)
  A worm (D:1)
  2 orcs
  7 goblins
  10 hobgoblins
  10 kobolds
  A quokka (D:3)
  A ball python (D:1)
  10 bats
  4 giant cockroaches
  3 giant newts
  12 rats
66 creatures vanquished.

Notes
Turn   | Place    | Note
--------------------------------------------------------------
     0 | D:1      | Magnus, the Mummy Gladiator, began the quest for the Orb.
     0 | D:1      | Reached XP level 1. HP: 16/16 MP: 1/1
   122 | D:1      | Reached XP level 2. HP: 17/23 MP: 2/2
   702 | D:1      | Reached XP level 3. HP: 15/28 MP: 3/3
  1169 | D:2      | Reached skill level 3 in Long Blades
  1292 | D:2      | Reached XP level 4. HP: 32/35 MP: 4/4
  1679 | D:3      | Noticed trantor's ghost (average HESk)
  2028 | D:3      | Found a deep blue altar of Sif Muna.
  2319 | D:3      | Noticed Grinder
  2386 | D:3      | Killed Grinder
  2386 | D:3      | Reached skill level 4 in Fighting
  2386 | D:3      | Reached XP level 5. HP: 23/42 MP: 5/5
  2386 | D:3      | Reached XP level 6. HP: 26/48 MP: 6/6
  2615 | D:3      | Noticed a phantom
  2789 | D:2      | Slain by a phantom

Action                   |  1- 3 |  4- 6 || total
-------------------------+-------+-------++-------
Melee: Long sword        |    23 |     8 ||    31
       Dagger            |   126 |   186 ||   312
Throw: Throwing net      |       |     7 ||     7
 Stab: Held in net/web   |       |     3 ||     3
       Sleeping          |       |     1 ||     1
